 Dungeon Crawl Stone Soup version 0.26.1-10-gdfb7c7de75 (webtiles) character file.

Game seed: 10401930880439213703

1477 tardwrangler69 the Cleaver (level 8, -1/71 HPs)
             Began as a Minotaur Fighter on Apr 3, 2021.
             Slain by an orc warrior
             ... wielding a +0 glaive
              (17 damage)
             ... on level 6 of the Dungeon.
             The game lasted 00:04:34 (5320 turns).

tardwrangler69 the Cleaver (Minotaur Fighter)       Turns: 5320, Time: 00:04:35

Health: -1/71      AC: 10    Str: 24    XL:     8   Next: 49%
Magic:  7/7        EV:  8    Int:  5    God:
Gold:   317        SH: 10    Dex:  9    Spells: 7/7 levels left

rFire    . . .     SeeInvis .   a - +1 war axe
rCold    . . .     Faith    +   c - +0 kite shield
rNeg     . . .     Spirit   .   b - +0 scale mail
rPois    .         Reflect  .   (helmet restricted)
rElec    .         Harm     .   (no cloak)
rCorr    .         Rampage  .   (no gloves)
Will     .....                  o - +1 pair of boots
Stlth    ..........             s - amulet of faith
HPRegen  0.21/turn              x - ring of attention
MPRegen  0.10/turn              (no ring)

@: about to teleport
A: retaliatory headbutt, horns 2
a: no special abilities


You were on level 6 of the Dungeon.
You visited 1 branch of the dungeon, and saw 6 of its levels.

You collected 317 gold pieces.

Inventory:

Hand Weapons
 a - a +1 war axe (weapon)
Missiles
 B - 8 silver javelins (quivered)
Armour
 b - a +0 scale mail (worn)
 c - a +0 kite shield (worn)
 o - a +1 pair of boots (worn)
Jewellery
 s - an amulet of faith (around neck)
 x - a ring of attention (left hand)
Wands
 y - a wand of enslavement (9)
 A - a wand of iceblast (9)
Scrolls
 e - 4 scrolls of identify
 i - 2 scrolls of enchant weapon
 j - 2 scrolls of teleportation
 t - a scroll of fear
Potions
 d - a potion of might
 f - 5 potions of curing {unknown}
 g - a potion of invisibility {unknown}
 h - 2 potions of magic {unknown}
 l - a potion of lignification {unknown}
 p - a potion of cancellation {unknown}
 q - a potion of flight {unknown}
 r - 3 potions of mutation
 u - a potion of haste {unknown}
 z - 3 potions of attraction {unknown}


   Skills:
 + Level 6.7 Fighting
 * Level 8.4 Axes
 + Level 6.7 Armour
 + Level 6.7 Shields


You had 7 spell levels left.
You didn't know any spells.
Your spell library contained the following spells:

 Spells                   Type           Power        Failure   Level
 Animate Skeleton         Necr           0%           98%         1
 Apportation              Tloc           0%           98%         1
 Corona                   Hex            0%           98%         1
 Summon Small Mammal      Summ           0%           98%         1


Dungeon Overview and Level Annotations

Branches:
Dungeon (6/15)
 Temple: D:4-7

Altars:
Ashenzari
Dithmenos
Gozag
Makhleb
The Shining One

Shops:
D:4 !

Annotations:
D:6 3 runed translucent doors, Ayazi56's ghost, novice OpFi; Dowan


Innate Abilities, Weirdness & Mutations

You reflexively headbutt those who attack you in melee.
You have a pair of horns on your head.


Message History

You closely miss the orc warrior.
The orc wizard shouts!
An ogre comes into view. It is wielding a +0 giant spiked club.
The orc warrior hits you with a +0 glaive!!
* * * LOW HITPOINT WARNING * * *
Dowan mumbles some strange words.
Dowan blinks!
You are too injured to fight recklessly!
As you read the scroll of teleportation, it crumbles to dust.
You feel strangely unstable. Dowan gestures at you while chanting.
You resist with some effort. You block the orc warrior's attack.
You block the ogre's attack.
You see here a +1 flail of protection.
The orc wizard gestures wildly while chanting.
The orc wizard blinks!
An orc comes into view. It is wielding a +0 hand axe.
The orc shouts!
The orc warrior hits you from afar with a +0 glaive!
You die...

...... .....# .....#
.....# .....# .##
#######.....#
.?...##..@.#))...?#
..........Ool(....##
...........(c.......
.##..####.###.######
#. ...o .# .. #.....
.ยง .. #..... o.. .
#...... .... #..
.##..


You could see an orc warrior, an ogre, a centaur, an orc and a leopard gecko.

Vanquished Creatures
  Sigmund (D:3)
  3 ogres
  A centaur (D:5)
  A bullfrog (D:6)
  A scorpion (D:6)
  A howler monkey (D:5)
  A bullfrog zombie (D:5)
  4 hounds
  3 bullfrog skeletons
  4 orc wizards
  A centaur skeleton (D:4)
  2 iguanas (D:6)
  Terence (D:3)
  4 worker ants
  A hound skeleton (D:5)
  Robin (D:3)
  3 gnolls (D:3)
  11 adders
  A white imp (D:6)
  2 ufetubi
  An ooze (D:3)
  An adder skeleton (D:4)
  3 worms
  A dart slug (D:2)
  4 leopard geckos
  15 orcs
  3 giant cockroaches
  18 goblins
  13 hobgoblins
  6 jackals
  2 quokkas
  10 bats
  3 frilled lizards
  12 kobolds
  7 rats
146 creatures vanquished.

Notes
Turn   | Place    | Note
-------+----------+-------------------------------------------
     0 | D:1      | tardwrangler69 the Minotaur Fighter began the quest for the
                  | Orb.
     0 | D:1      | Reached XP level 1. HP: 19/19 MP: 0/0
   270 | D:1      | Reached XP level 2. HP: 23/27 MP: 1/1
   331 | D:1      | Reached skill level 3 in Axes
  1033 | D:2      | Reached XP level 3. HP: 28/33 MP: 2/2
  1336 | D:2      | Reached XP level 4. HP: 40/40 MP: 3/3
  1554 | D:3      | Reached skill level 4 in Axes
  1942 | D:3      | Reached XP level 5. HP: 25/47 MP: 4/4
  2343 | D:3      | Noticed Terence
  2348 | D:3      | Killed Terence
  2383 | D:3      | Noticed Sigmund
  2391 | D:3      | Killed Sigmund
  2392 | D:3      | Reached skill level 5 in Fighting
  2392 | D:3      | Reached skill level 5 in Axes
  2392 | D:3      | Reached skill level 5 in Armour
  2392 | D:3      | Reached skill level 5 in Shields
  2392 | D:3      | Reached XP level 6. HP: 56/56 MP: 5/5
  2570 | D:3      | Noticed Robin
  2586 | D:3      | Killed Robin
  2917 | D:4      | Reached skill level 6 in Axes
  2920 | D:4      | Reached XP level 7. HP: 55/61 MP: 6/6
  3474 | D:4      | Found a burning altar of Makhleb.
  3475 | D:4      | Found an opulent altar of Gozag.
  3478 | D:4      | Found a shadowy altar of Dithmenos.
  3478 | D:4      | Found a glowing golden altar of the Shining One.
  3587 | D:4      | Found Gomozun's Distillery.
  3804 | D:4      | Found a broken altar of Ashenzari.
  3808 | D:4      | Saw a vision of the Swamp and the Snake Pit.
  3808 | D:4      | Noticed an alligator
  3840 | D:5      | Entered Level 5 of the Dungeon
  3913 | D:5      | Reached skill level 7 in Axes
  4429 | D:5      | Reached XP level 8. HP: 34/70 MP: 7/7
  5061 | D:6      | Noticed Ayazi56's ghost (novice OpFi)
  5147 | D:6      | Found a runed translucent gate.
  5148 | D:6      | Found a runed translucent gate.
  5148 | D:6      | Found a runed translucent gate.
  5167 | D:6      | Reached skill level 8 in Axes
  5310 | D:6      | Noticed Dowan
  5320 | D:6      | Slain by an orc warrior

Illustrated notes

Levels and vault maps discovered:
D:1:      psy_arrival_dodecagon, layout_basic, chequers_serial_rivers_micro_d,
          st_stairs_13, serial_bayou_pond_d, solitary_fountain
D:2:      layout_basic, kennysheep_generic_room_14
D:3:      layout_loops_ring, uniq_terence, uniq_sigmund, uniq_robin
D:4:      layout_basic, chequers_temple_overflow_statue_of_worship,
          serial_shops, shop, grunt_ashenzari_visionary
          [grunt_ashenzari_visionary_swamp, grunt_ashenzari_visionary_snake]
D:5:      layout_basic, hangedman_glass_teeth
D:6:      layout_gridville, gammafunk_ghost_split, uniq_maggie, uniq_duvessa

Skill      XL: |  1  2  3  4  5  6  7  8 |
---------------+-------------------------+-----
Axes           | 3 4 5 6 7 8 |  8.4
Fighting       | 4 5 6 |  6.7
Armour         | 4 5 6 |  6.7
Shields        | 4 5 6 |  6.7

Action                   |  1- 3 |  4- 6 |  7- 9 || total
-------------------------+-------+-------+-------++-------
Melee: War axe           |    77 |   149 |   121 ||   347
       Headbutt          |     8 |    26 |    19 ||    53
  Use: Scroll            |       |       |    12 ||    12
Armor: Scale mail        |    24 |    72 |    50 ||   146
Dodge: Dodged            |    26 |    40 |    45 ||   111
Block: Kite shield       |    46 |   101 |    72 ||   219
